 Dungeon Crawl Stone Soup version 0.26-a0-642-g67e9924 (webtiles) character file.

Game seed: 14317971630598665736

345 royokou the Conjurer (level 6, -10/38 HPs)
             Began as a Gargoyle Conjurer on Sept 21, 2020.
             Mangled by a gnoll
             ... wielding a +0 halberd
              (13 damage)
             ... on level 4 of the Dungeon.
             The game lasted 00:12:51 (3148 turns).

royokou the Conjurer (Gargoyle Conjurer)            Turns: 3148, Time: 00:12:51

Health: -10/38     AC: 12    Str: 13    XL:     6   Next: 58%
Magic:  9/9        EV:  9    Int: 18    God:
Gold:   137        SH:  0    Dex:  8    Spells: 8/9 levels left

rFire    . . .     SeeInvis .   x - +0 mace
rCold    . . .     Faith    .   (no shield)
rNeg     + . .     Spirit   .   v - +0 scale mail
rPois    ∞         Reflect  .   q - +0 helmet
rElec    +         Harm     .   (no cloak)
rCorr    .         Rampage  .   (no gloves)
MR       .....                  (no boots)
Stlth    ..........             d - amulet of magic regeneration
HPRegen  0.12/turn              (no ring)
MPRegen  0.36/turn              (no ring)

@: no status effects
A: negative energy resistance 1, electricity resistance, unbreathing,
petrification resistance, rot immunity, AC +4
a: no special abilities


You were on level 4 of the Dungeon.
You visited 1 branch of the dungeon, and saw 4 of its levels.

You collected 137 gold pieces.

Inventory:

Hand Weapons
 l - a +0 whip
 x - a +0 mace (weapon)
Armour
 b - a +0 helmet
 p - a +0 ring mail
 q - a +0 helmet (worn)
 v - a +0 scale mail (worn)
Jewellery
 d - an amulet of magic regeneration (around neck)
 o - an uncursed amulet of the acrobat
 w - an uncursed ring of protection from fire {unknown}
Wands
 u - a wand of iceblast (5)
Scrolls
 c - a scroll of enchant weapon {unknown}
 i - a scroll of random uselessness {unknown}
 j - 2 scrolls of blinking {unknown}
 k - 4 scrolls of teleportation {unknown}
 m - 5 scrolls of remove curse {unknown}
 r - 2 scrolls of identify {unknown}
 t - a scroll of fear {unknown}
Potions
 a - 2 potions of berserk rage {unknown}
 e - a potion of flight {unknown}
 f - 3 potions of heal wounds {unknown}
 g - 5 potions of curing {unknown}
 h - 2 potions of might {unknown}
 n - a potion of lignification {unknown}
 s - a potion of ambrosia {unknown}


   Skills:
 + Level 3.8 Fighting
 * Level 3.5 Maces & Flails
 + Level 3.8 Armour
 - Level 1.5 Dodging
 - Level 2.1 Stealth
 - Level 2.0 Spellcasting
 - Level 4.3 Conjurations


You had 8 spell levels left.
You knew the following spells:

 Your Spells              Type           Power        Failure   Level
a - Magic Dart            Conj           ###.         13%         1

Your spell library contained the following spells:

 Spells                   Type           Power        Failure   Level
 Searing Ray              Conj           ###...       21%         2
 Dazzling Flash           Conj/Hex       #.....       67%         3
 Fulminant Prism          Conj/Hex       #.........   97%         4
 Iskenderun's Mystic Bla  Conj/Tloc      #.......     97%         4


Dungeon Overview and Level Annotations

Branches:
Dungeon (4/15)
 Temple: D:4-7

Altars:


Innate Abilities, Weirdness & Mutations

You are resistant to torment.
Your stone body is resilient. (AC +4)
You are immune to poison.
You resist negative energy. (rN+)
You are resistant to electric shocks. (rElec)
You can survive without breathing.
You are immune to petrification.
You are immune to rotting.


Message History

The gnoll hits you.
* * * LOW HITPOINT WARNING * * *
The gnoll closely misses you.
A gnoll comes into view. It is wielding a +0 spear.
The gnoll hits you but does no damage. The gnoll hits you.
* * * LOW HITPOINT WARNING * * *
The gnoll closely misses you. The gnoll hits you but does no damage.
The gnoll hits you.
* * * LOW HITPOINT WARNING * * *
The gnoll hits you but does no damage. The gnoll barely misses you.
The gnoll hits you but does no damage. The gnoll closely misses you.
The gnoll hits you but does no damage. The gnoll barely misses you.
The gnoll hits you but does no damage.
There is a stone staircase leading up here.
The gnoll is no longer moving quickly.
The gnoll hits you from afar with a +0 halberd!
You die...

..# #.#....# #.#
#.####..
####.#####...g...
#.........####...
#.........# #...
#...g.....# #...
#.........# #...
##.........# ####
#@gg.......#
#..........#
#..........#
#..........#
####..........#
##.......####### #
#........######### #
#................#####
#................†....


You could see 3 gnolls.

Vanquished Creatures
  A scorpion (D:4)
  A gnoll shaman (D:4)
  Natasha (twice) (D:3)
  A worker ant (D:4)
  A gnoll (D:4)
  9 adders
  An ooze (D:2)
  5 worms
  2 dart slugs (D:1)
  4 leopard geckos
  An orc (D:3)
  7 bats
  2 giant cockroaches
  7 goblins
  14 hobgoblins
  3 jackals (D:2)
  7 kobolds
  3 quokkas
  A ball python (D:3)
  A frilled lizard (D:1)
  6 rats
79 creatures vanquished.

Notes
Turn   | Place    | Note
-------+----------+-------------------------------------------
     0 | D:1      | royokou the Gargoyle Conjurer began the quest for the Orb.
     0 | D:1      | Reached XP level 1. HP: 10/10 MP: 3/3
   120 | D:1      | Reached skill level 1 in Fighting
   120 | D:1      | Reached skill level 1 in Armour
   125 | D:1      | Reached XP level 2. HP: 11/16 MP: 0/5
   536 | D:1      | Reached XP level 3. HP: 21/21 MP: 2/6
  1509 | D:2      | Reached XP level 4. HP: 27/27 MP: 5/7
  1887 | D:3      | Noticed Natasha
  1912 | D:3      | Killed Natasha
  1912 | D:3      | Reached skill level 1 in Maces & Flails
  2132 | D:3      | Reached XP level 5. HP: 32/32 MP: 4/8
  2268 | D:3      | Noticed Natasha
  2277 | D:3      | Killed Natasha
  2764 | D:4      | Reached XP level 6. HP: 31/37 MP: 0/9
  3148 | D:4      | Mangled by a gnoll

Illustrated notes

Levels and vault maps discovered:
D:1:      evilmike_arrival_crescent, layout_rooms
D:2:      layout_loops_corners
D:3:      layout_basic, uniq_natasha
D:4:      layout_basic, serial_park_tiny_1, minmay_fractal_squares_gapless_5,
          uniq_sigmund

Skill      XL: |  1  2  3  4  5  6 |
---------------+-------------------+-----
Fighting       | 1 2 3 |  3.8
Armour         | 1 2 3 |  3.8
Maces & Flails | 1 2 3 |  3.5
Dodging        | |  1.5
Stealth        | |  2.1
Spellcasting   | |  2.0
Conjurations   | |  4.3

Action                   |  1- 3 |  4- 6 || total
-------------------------+-------+-------++-------
Melee: Club              |    35 |       ||    35
       Whip              |    17 |    41 ||    58
       Mace              |       |    42 ||    42
 Cast: Magic Dart        |    76 |   122 ||   198
Armor: Robe              |    39 |       ||    39
       Ring mail         |       |    24 ||    24
       Scale mail        |       |    39 ||    39
Dodge: Dodged            |    61 |    51 ||   112

Table legend: (Time is in decaauts)
 A = Elapsed time spent in this place.
 B = Non-inter-level travel time spent in this place.
 C = Inter-level travel time spent in this place.
 D = Time resting spent in this place.
 E = Time spent auto-exploring this place.
 F = Levels seen in this place.
 G = Mean time per level.
                   A        B        C        D        E       F      G
               +--------+--------+--------+--------+--------+-----+--------+
         Total |   3169 |   3094 |     75 |    364 |   2021 |   4 |  792.2 |
       Dungeon |   3169 |   3094 |     75 |    364 |   2021 |   4 |  792.2 |
               +--------+--------+--------+--------+--------+-----+--------+

Top non-repeatable levels by time:
     D:2: 1075 daAuts
     D:3: 860 daAuts
     D:1: 812 daAuts
     D:4: 421 daAuts
